 Dungeon Crawl Stone Soup version 0.28.0 (webtiles) character file.

Game seed: 11573011632652729139

1 ZeeToo the Firebug (level 1, 0/11 HPs)
             Began as a Vine Stalker Cinder Acolyte on Feb 6, 2022.
             Was a High Priest of Ignis.
             Constricted to death by a ball python (1 damage)
             ... on level 1 of the Dungeon.
             The game lasted 00:00:19 (21 turns).

ZeeToo the Firebug (Vine Stalker Cinder Acolyte)      Turns: 21, Time: 00:00:20

Health: 0/11       AC:  2    Str: 16    XL:     1   Next: 20%
Magic:  0/3        EV:  8    Int: 14    God:    Ignis [*****.]
Gold:   0          SH:  0    Dex:  9    Spells: 2/2 levels left

rFire   + . .      SeeInvis .   a - -1 falchion (flame)
rCold   . . .      Faith    .   (no shield)
rNeg    . . .      Spirit   +   b - +0 robe
rPois   .          Reflect  .   (no helmet)
rElec   .          Harm     .   (no cloak)
rCorr   .          Rampage  .   (no gloves)
Will    .....                   (no boots)
Stlth   +.........              (no amulet)
HPRegen 0.03/turn               (no ring)
MPRegen 0.08/turn               (no ring)

@: constricted
A: fangs 2, magic shield, antimagic bite, no potion heal 2
a: Renounce Religion, Fiery Armour, Foxfire Swarm, Rising Flame


You were on level 1 of the Dungeon.
You worshipped Ignis.
Ignis was extremely pleased with you.
You visited 1 branch of the dungeon, and saw 1 of its levels.

Inventory:

Hand Weapons
 a - a -1 falchion of flaming (weapon)
Armour
 b - a +0 robe (worn)


   Skills:
 - Level 2.6 Fighting
 + Level 2.8 Long Blades
 - Level 1.1 Spellcasting
 - Level 3.0 Fire Magic


You had 2 spell levels left.
You didn't know any spells.
Your spell library contained the following spells:

 Spells                   Type           Power      Damage    Failure   Level
 Scorch                   Fire           18%        2d6       12%         2


Dungeon Overview and Level Annotations

Branches:
Dungeon (1/15)

Altars:


Innate Abilities, Weirdness & Mutations

You have extremely sharp teeth.
When hurt, damage is shared between your health and your magic reserves.
Your bite disrupts and absorbs the magic of your enemies.
Potions cannot restore your health.


Message History

Found a staircase leading out of the dungeon.
Setting a skill training target for Long Blades at 14.0.
You open the door.
There is an open door here.
Found a flail.
As you open the door, it creaks loudly!
You hear an angry hiss.
Found an escape hatch in the floor.
A quokka comes into view.
A rat comes into view.
The quokka moves out of view.
There is an open door here.
No target in view!
A ball python comes into view.
You closely miss the quokka. The quokka bites you.
The quokka barely misses you.
You hit the quokka. You burn the quokka.
The quokka is heavily wounded.
The quokka bites you.
You are too injured to fight recklessly!
You are too injured to fight recklessly!
You closely miss the quokka.
The ball python hisses angrily.
You bite the quokka. You drain its power.
You feel invigorated.
The quokka is almost dead.
The quokka misses you. The quokka bites you.
* * * LOW HITPOINT WARNING * * *
You hit the quokka. You burn the quokka.
You kill the quokka!
You closely miss the ball python.
You bite the ball python, but do no damage.
The ball python closely misses you. The ball python grabs you.
The ball python constricts you. The ball python closely misses you.
The ball python constricts you.
You closely miss the ball python. The ball python bites you.
* * * LOW HITPOINT WARNING * * *
The ball python constricts you.
You hit the ball python but do no damage.
The ball python bites you.
* * * LOW HITPOINT WARNING * * *
The ball python constricts you.
You die...

#.# .... # .
#...# .# ..
..... .#.#.
...... ......
......###......
.......r...S...
#S##### #@#...#
#.'.>.# #.#...#
..##+##.#####.#
...)..........#
..#####.##+##.#
#...#.# #.<.'.#
#...#.#


You could see a ball python and a rat.

Vanquished Creatures
  A quokka (D:1)
1 creature vanquished.

Notes
Turn   | Place    | Note
-------+----------+-------------------------------------------
     0 | D:1      | ZeeToo the Vine Stalker Cinder Acolyte began the quest for
                  | the Orb.
     0 | D:1      | Reached XP level 1. HP: 11/11 MP: 3/3
    21 | D:1      | Constricted to death by a ball python

Illustrated notes

Levels and vault maps discovered:
D:1:      minmay_arrival_four_houses, layout_loops_ring, minmay_pentomino_v4

Action                   || total
-------------------------++-------
Melee: Falchion          ||     7
       Bite              ||     2
Dodge: Dodged            ||     4
